AoeStats
← Salad

Enclosed

503794640Analyzed
1v1 RM · 1mo ago on Sep 2, 2026· 30m 52s· 2 players
Game mode
Random Map
Map size
Tiny (2 player)
Population
200
Speed
Normal
Resources
Standard
Victory
Conquest
Starting age
Dark Age
Ending age
Imperial Age
RankedLock teamsTeams togetherTeam positionsShared explorationLock speedFull tech treeHidden civsTurbo modeCheats
Victory
Defeat
🇹🇷 Bohemians · Türkiye
972
+17
🇦🇺 Franks · Australia
1000
-52
odunolu_
8:23 Loom
12:03 Feudal Age
15:35 Castle Age
15:23 Double-Bit Axe
17:19 Loom
18:43 Horse Collar
19:50 Heavy Plow
19:59 Heavy Plow
23:43 Wheelbarrow
25:18 Bow Saw
Salad
14:44 Feudal Age
16:06 Loom
20:38 Double-Bit Axe
25:42 Castle Age
Connection lost

Rejoining the realm…

Still unreachable

The connection could not be restored.

Session expired

The server has moved on; the page needs a fresh start.